 Dungeon Crawl Stone Soup version 0.27.1-3-gb3d3a73c9e (webtiles) character file.

Game seed: 17886534425365733730

10972 workbot the Slicer (level 11, -11/66 HPs)
             Began as a Gargoyle Fighter on Oct 15, 2021.
             Was an Elder of Makhleb.
             Mangled by an orc knight (21 damage)
             ... on level 2 of the Orcish Mines.
             The game lasted 00:46:31 (11677 turns).

workbot the Slicer (Gargoyle Fighter)              Turns: 11677, Time: 00:46:32

Health: -11/66     AC: 34    Str: 32    XL:     11   Next: 70%
Magic:  0/11       EV:  3    Int: 10    God:    Makhleb [****..]
Gold:   650        SH: 21    Dex:  9    Spells: 10/10 levels left

rFire    + + .     SeeInvis .   s - +4 dagger of War {drain, Will- Str+4}
rCold    + . .     Faith    .   x - +2 tower shield {AC+3}
rNeg     + . .     Spirit   +   p - +0 gold dragon scales
rPois    ∞         Reflect  .   v - +0 helmet
rElec    +         Harm     .   r - +2 cloak
rCorr    .         Rampage  .   (no gloves)
Will     .....                  l - +0 pair of boots
Stlth    ..........             a - amulet of guardian spirit
HPRegen  0.21/turn              e - ring of protection from fire
MPRegen  0.12/turn              n - +6 ring of strength

@: studying Crossbows
A: sickness immunity, AC +8, negative energy resistance 1, electricity
resistance, torment resistance 1, petrification resistance, noise suppression
a: Renounce Religion, Minor Destruction, Lesser Servant of Makhleb, Major
Destruction


You were on level 2 of the Orcish Mines.
You worshipped Makhleb.
Makhleb was greatly pleased with you.
You visited 2 branches of the dungeon, and saw 12 of its levels.
You also visited: Bailey.

You collected 819 gold pieces.
You spent 169 gold pieces at shops.

Inventory:

Hand Weapons
 b - a +8 rapier of electrocution
 s - the +4 dagger of War (weapon) {drain, Will- Str+4}
   (You found it on level 8 of the Dungeon)

   A truly terrible weapon, it drains the life of any living foe it strikes.
   Str:       It affects your strength (+4).
   Will:      It decreases your willpower.
Armour
 l - a +0 pair of boots (worn)
 p - +0 gold dragon scales (worn)
 r - a +2 cloak (worn)
 v - a +0 helmet (worn)
 x - a +2 tower shield of protection (worn)
Jewellery
 a - an amulet of guardian spirit (around neck)
 e - a ring of protection from fire (left hand)
 n - a +6 ring of strength (right hand)
Wands
 k - a wand of polymorph (17)
Scrolls
 d - a scroll of silence
 f - a scroll of amnesia
 g - 3 scrolls of teleportation
 i - 4 scrolls of identify
Potions
 h - 3 potions of haste
 j - 2 potions of curing
 m - a potion of might
 u - a potion of brilliance
 w - a potion of magic
Miscellaneous
 o - a phantom mirror


   Skills:
 + Level 6.9 Fighting
 * Level 11.1 Short Blades
 - Level 5.0 Maces & Flails
 + Level 9.2 Armour
 + Level 9.9 Shields


You had 10 spell levels left.
You didn't know any spells.
Your spell library contained the following spells:

 Spells                   Type           Power      Damage    Failure   Level
 Corona                   Hex            0%         N/A       100%        1
 Foxfire                  Conj/Fire      0%         2x1d4     100%        1
 Summon Small Mammal      Summ           0%         N/A       100%        1
 Corpse Rot               Necr/Air       N/A        N/A       100%        2
 Ensorcelled Hibernation  Hex/Ice        0%         N/A       100%        2
 Call Canine Familiar     Summ           0%         N/A       100%        3
 Conjure Flame            Conj/Fire      0%         6-21      100%        3
 Inner Flame              Hex/Fire       0%         N/A       100%        3
 Summon Guardian Golem    Hex/Summ       0%         N/A       100%        3
 Tukima's Dance           Hex            0%         N/A       100%        3
 Dispel Undead            Necr           0%         3d6       100%        4
 Petrify                  Tmut/Erth      0%         N/A       100%        4
 Irradiate                Conj/Tmut      0%         3d13      100%        5
 Death Channel            Necr           0%         N/A       100%        6
 Sublimation of Blood     Necr           Unusable   N/A       N/A         2

Dungeon Overview and Level Annotations

Branches:
Dungeon (10/15)            Temple (0/1) D:6             Orc (2/2) D:10
    Elf (0/3) Orc:2        Bailey (visited)
   Lair: D:8-11

Altars:
Makhleb
Sif Muna

Shops:
D:5 !?(   D:6 :   D:8 =   Orc:2 !*

Annotations:
D:9 exclusion: orange crystal statue


Innate Abilities, Weirdness & Mutations

You are immune to sickness and miasma.
Your stone body is resilient. (AC +8)
You are immune to poison.
You resist negative energy. (rN+)
You are resistant to electric shocks. (rElec)
You are resistant to unholy torment.
You are immune to petrification.
You passively dampen the noise of your surroundings.


Message History

Aim: a warg (almost dead, heavily drained, about 34% to evade the +4 dagger of War)
You hit the warg.
You kill the warg!
Makhleb accepts your kill.
You feel better. You block the orc knight's attack.
You block the orc warrior's attack. The orc warrior completely misses you.
You block the orc's attack.
Hit: s) +4 dagger of War {drain, Will- Str+4}
Press: ? - help, Dir - move target, f - orc warrior
Aim: an orc warrior, wielding a +0 mace and wearing a +0 chain mail (strong, about 32% to evade the +4 dagger of War)
You hit the orc warrior but do no damage.
You drain the orc warrior.
The orc warrior is lightly wounded.
You block the orc knight's attack.
The orc warrior hits you with a +0 hand axe.
* * * LOW HITPOINT WARNING * * *
You block the orc's attack.
The orc warrior hits you but does no damage.
Hit: s) +4 dagger of War {drain, Will- Str+4}
Press: ? - help, Dir - move target, f/p - orc warrior
Aim: an orc warrior, wielding a +0 mace and wearing a +0 chain mail (lightly wounded, strong, lightly drained, about 31% to evade the +4 dagger of War)
You closely miss the orc warrior.
The orc warrior is lightly wounded.
You block the orc warrior's attack. You block the orc knight's attack.
The orc hits you but does no damage.
The orc warrior hits you but does no damage.
Hit: s) +4 dagger of War {drain, Will- Str+4}
Press: ? - help, Dir - move target, f/p - orc warrior
Aim: an orc warrior, wielding a +0 mace and wearing a +0 chain mail (lightly wounded, strong, lightly drained, about 31% to evade the +4 dagger of War)
You puncture the orc warrior!
The orc warrior is moderately wounded.
Hit: s) +4 dagger of War {drain, Will- Str+4}
Press: ? - help, Dir - move target, f/p - orc warrior
Aim: an orc warrior, wielding a +0 mace and wearing a +0 chain mail (moderately wounded, strong, lightly drained, about 31% to evade the +4 dagger of War)
You hit the orc warrior but do no damage.
You drain the orc warrior.
The orc warrior is heavily wounded.
The orc warrior no longer looks unusually strong.
The orc knight hits you with a +0 great mace!!
You die...

#...... .##
.###..... ..##
...#......
...##...#.......
................
##..... $#........
##.... ..........
#.oo## ..........
##@..##..$.........
#.oo....$..........
#....##.......#...#
#...## ...####..#
##.## .. ##.. ###
##. ## #


You could see an orc knight, 2 orc warriors and an orc (strong).

Vanquished Creatures
  Erica (D:8)
  A centaur warrior (D:9)
  A two-headed ogre (D:8)
  A cyclops (D:9)
  An ugly thing (D:10)
  A komodo dragon (D:10)
  An ice devil (Orc:2)
  A hornet (D:10)
  A vampire (D:10)
  A wraith (D:9)
  Eustachio (D:4)
  A wyvern (D:6)
  12 yaks
  Grum (D:9)
  A steam dragon (D:9)
  3 wargs (Orc:2)
  An acid dragon (D:10)
  A water moccasin (D:6)
  10 orc warriors
  An ice beast (D:7)
  3 black bears
  3 ogres
  A sky beast (D:5)
  2 wolves (D:9)
  4 centaurs
  A phantom (D:6)
  A kobold brigand (D:9)
  3 bullfrogs
  2 scorpions (D:6)
  5 killer bees
  5 wights (D:8)
  2 centaur zombies
  2 hounds
  4 jellies
  6 orc priests
  2 bullfrog skeletons (D:6)
  3 iguanas
  4 orc wizards
  A killer bee zombie (D:9)
  2 howler monkey zombies
  7 gnolls
  13 adders
  A shadow imp (D:8)
  A white imp (D:6)
  A worm (D:5)
  A dart slug (D:2)
  25 orcs
  6 ball pythons
  3 bats
  6 endoplasms
  A giant cockroach (D:4)
  13 goblins
  5 hobgoblins
  4 jackals (D:3)
  11 kobolds
  4 quokkas
  8 frilled lizards
  3 rats
211 creatures vanquished.

Vanquished Creatures (collateral kills)
  An orc knight (Orc:2)
  6 orc warriors (Orc:2)
  3 orc priests
  A white imp (D:8)
  4 orcs
  A kobold (D:9)
16 creatures vanquished.

Grand Total: 227 creatures vanquished

Notes
Turn   | Place    | Note
-------+----------+-------------------------------------------
     0 | D:1      | workbot the Gargoyle Fighter began the quest for the Orb.
     0 | D:1      | Reached XP level 1. HP: 14/14 MP: 1/1
   329 | D:1      | Reached XP level 2. HP: 8/19 MP: 2/2
  1234 | D:2      | Reached XP level 3. HP: 19/24 MP: 3/3
  1529 | D:2      | Reached XP level 4. HP: 27/29 MP: 4/4
  2295 | D:3      | Gained mutation: You passively dampen the noise of your
                  | surroundings. [potion of mutation]
  2400 | D:3      | Found a faded altar of an unknown god.
  2422 | D:3      | Became a worshipper of Makhleb the Destroyer
  2422 | D:3      | Reached * piety under Makhleb
  2728 | D:3      | Reached XP level 5. HP: 27/33 MP: 5/5
  3247 | D:4      | Noticed Eustachio
  3263 | D:4      | Killed Eustachio
  3264 | D:4      | Reached skill level 5 in Maces & Flails
  3264 | D:4      | Reached XP level 6. HP: 17/38 MP: 6/6
  3757 | D:5      | Entered Level 5 of the Dungeon
  4228 | D:5      | Reached skill level 1 in Short Blades
  4228 | D:5      | Reached skill level 5 in Shields
  4228 | D:5      | Reached XP level 7. HP: 35/43 MP: 4/7
  4435 | D:5      | Reached skill level 2 in Short Blades
  4594 | D:5      | Found Yhafuore's Weapon Boutique.
  4638 | D:5      | Found Zuiba's Magic Scroll Emporium.
  4646 | D:5      | Bought a scroll of enchant armour for 97 gold pieces
  4847 | D:5      | Found Kavasoeb's Distillery.
  4855 | D:5      | Bought a potion of curing for 36 gold pieces
  4855 | D:5      | Bought a potion of curing for 36 gold pieces
  4927 | D:6      | Reached ** piety under Makhleb
  4970 | D:6      | Reached skill level 3 in Short Blades
  4991 | D:6      | Reached skill level 5 in Armour
  5111 | D:6      | Reached XP level 8. HP: 40/48 MP: 5/8
  5252 | D:6      | Reached skill level 4 in Short Blades
  5365 | D:6      | Found Egoe's Book Shoppe.
  5375 | D:6      | Noticed a wyvern
  5385 | D:6      | Killed a wyvern
  5388 | D:6      | Reached skill level 5 in Short Blades
  6158 | D:6      | Found a staircase to the Ecumenical Temple.
  6201 | D:7      | Reached skill level 6 in Short Blades
  6201 | D:7      | Reached XP level 9. HP: 53/53 MP: 9/9
  6307 | D:7      | Reached skill level 5 in Fighting
  6307 | D:7      | Reached skill level 7 in Short Blades
  6387 | D:7      | Reached *** piety under Makhleb
  6605 | D:8      | Found a shimmering blue altar of Sif Muna.
  6622 | D:8      | Reached skill level 8 in Short Blades
  6643 | D:8      | Reached XP level 10. HP: 26/59 MP: 4/10
  6961 | D:8      | Found Iduhin's Jewellery Shop.
  7013 | D:8      | Reached skill level 9 in Short Blades
  7067 | D:8      | Noticed Erica
  7074 | D:8      | Killed Erica
  7132 | D:8      | Noticed a two-headed ogre
  7149 | D:8      | Killed a two-headed ogre
  7216 | D:8      | Found a flagged portal.
  7225 | Bailey   | Entered a bailey
  7292 | Bailey   | Found an iron altar of Okawaru.
  7886 | D:8      | Reached skill level 10 in Short Blades
  7905 | D:8      | Identified the +4 dagger of War {drain, Will- Str+4}
  8103 | D:9      | Noticed an orange crystal statue
  8183 | D:9      | Noticed a centaur warrior
  8206 | D:9      | Killed a centaur warrior
  8535 | D:9      | Reached XP level 11. HP: 63/64 MP: 11/11
  8560 | D:9      | Noticed Grum
  8598 | D:9      | Killed Grum
  8733 | D:9      | Noticed a cyclops
  8748 | D:9      | Killed a cyclops
  9383 | D:10     | Entered Level 10 of the Dungeon
  9664 | D:10     | Noticed a green ugly thing
  9681 | D:10     | Killed a green ugly thing
  9922 | D:10     | Found a staircase to the Orcish Mines.
 10171 | D:10     | Identified a scroll of acquirement
 10172 | D:10     | Acquired a +2 tower shield of protection
 10564 | Orc:1    | Entered Level 1 of the Orcish Mines
 10622 | Orc:1    | You fall into a shaft and drop 1 floor!
 10622 | Orc:2    | Entered Level 2 of the Orcish Mines
 10816 | Orc:2    | Found Xuibinol's Distillery.
 10816 | Orc:2    | Noticed an orc knight
 10839 | Orc:2    | Killed an orc knight
 10839 | Orc:2    | Reached **** piety under Makhleb
 10840 | Orc:2    | Reached skill level 11 in Short Blades
 11055 | Orc:2    | Found a staircase to the Elven Halls.
 11162 | Orc:2    | Found Letoargherph's General Store.
 11659 | Orc:2    | Noticed an orc knight
 11677 | Orc:2    | Mangled by an orc knight

Illustrated notes

Levels and vault maps discovered:
D:1:      lemuel_arrival_hallway, layout_basic
D:2:      layout_loops_cross
D:3:      layout_loops_cross, shapermc_ecumenical_altar_pompeii,
          minmay_joined_circles
D:4:      wad_pebble_path, layout_rooms, portal_sewer_entry_d, uniq_eustachio
D:5:      wander_river, layout_rooms, serial_shops, nicolae_lakefront_shop,
          nicolae_shop_trees, shop, chequers_serial_rivers_micro_c,
          kennysheep_doodads, serial_bayou_pond_d, minmay_manual_monstrance
D:6:      layout_loops_cross, minmay_temple_entry_proselytizer, serial_shops,
          nicolae_inconvenience_store
D:7:      layout_basic, minmay_misc_feat_iff
D:8:      layout_layer_cave, nicolae_sif_muna_condensation, serial_shops,
          nicolae_shop_waterfront, enter_bailey_3, minmay_misc_feat_room,
          hangedman_decor_opposing, minmay_checkerbox, uniq_erica
D:9:      layout_grid_maze, minmay_statue_bubble, uniq_grum
D:10:     layout_basic, orc_0_dummy
Orc:1:    layout_caves, portal_ice_cave_entry_pillars_2
Orc:2:    pf_orc_diabolical, layout_caves, nicolae_volcano_entry_s_turn

Skill      XL: |  1  2  3  4  5  6  7  8  9 10 11 |
---------------+----------------------------------+-----
Maces & Flails | 3 5 |  5.0
Armour         | 4 5 6 7 8 9 |  9.2
Shields        | 4 5 6 8 9 |  9.9
Fighting       | 4 5 6 |  6.9
Short Blades   | 1 3 6 8 10 11 | 11.1

Action                   |  1- 3 |  4- 6 |  7- 9 | 10-12 || total
-------------------------+-------+-------+-------+-------++-------
Melee: Flail             |    92 |   180 |       |       ||   272
       Rapier            |       |    30 |   185 |    72 ||   287
       Dagger            |       |       |       |   484 ||   484
Invok: Lesser Servant of |       |       |     1 |     3 ||     4
       Minor Destruction |       |       |       |     1 ||     1
Evoke: Wand              |       |       |     1 |     1 ||     2
  Use: Scroll            |     3 |     6 |    10 |     9 ||    28
       Potion            |     2 |     8 |     2 |     4 ||    16
 Stab: Invisible         |       |     2 |       |       ||     2
       Distracted        |       |       |     1 |       ||     1
Armor: Scale mail        |    27 |       |       |       ||    27
       Plate armour      |    30 |   198 |   135 |    24 ||   387
       Gold dragon scale |       |       |       |   214 ||   214
Dodge: Dodged            |    17 |    45 |    24 |    59 ||   145
Block: Kite shield       |    48 |   132 |    98 |   182 ||   460
       Tower shield      |       |       |       |   185 ||   185
